 Dungeon Crawl Stone Soup version 0.19.1 (webtiles) character file.

149 Gargoyl the Skirmisher (level 5, -2/42 HPs)
             Began as a Demonspawn Abyssal Knight on Nov 25, 2016.
             Was a Believer of Lugonu.
             Slain by a gnoll
             ... wielding a +0 halberd
              (3 damage)
             ... on level 2 of the Dungeon.
             The game lasted 00:04:37 (2619 turns).

Gargoyl the Skirmisher (Demonspawn Abyssal Knight)  Turns: 2619, Time: 00:04:38

Health: -2/42      AC: 13    Str: 11 (13) XL:     5   Next: 9%
Magic:  16/16      EV:  2    Int: 14      God:    Lugonu [**....]
Gold:   61         SH:  0    Dex: 11 (12) Spells: 0 memorised, 4 levels left

rFire  . . .     SeeInvis .     a - +1 hand axe
rCold  . . .     Gourm    .     d - +0 plate armour
rNeg   . . .     Faith    .     (no shield)
rPois  .         Spirit   .     (helmet restricted)
rElec  .         Reflect  .     m - +0 cloak
rCorr  .         Harm     .     (no gloves)
MR     .....                    o - +0 pair of boots
Stlth  ..........               (no amulet)
                                (no ring)
                                g - ring of magical power

@: no status effects
A: horns 1, nightstalker 1, spiny 1
a: Depart the Abyss, Bend Space, Renounce Religion


You were on level 2 of the Dungeon.
You worshipped Lugonu.
Lugonu was pleased with you.
You were not hungry.

You visited 1 branch of the dungeon, and saw 3 of its levels.
You visited the Abyss 1 time.

You collected 61 gold pieces.

Inventory:

Hand Weapons
 a - a +1 hand axe (weapon)
 b - a cursed -3 spear
Armour
 d - a +0 plate armour (worn)
 m - a +0 cloak (worn)
 o - a +0 pair of boots (worn)
Jewellery
 g - a ring of magical power (left hand)
Scrolls
 e - 3 scrolls of identify
 h - a scroll of remove curse
Comestibles
 c - 2 bread rations
 f - a meat ration
 i - a beef jerky
 n - 5 chunks of flesh


   Skills:
 + Level 3.8 Fighting
 + Level 2.7 Axes
 * Level 3.1 Armour
 + Level 1.1 Dodging
 * Level 3.4 Invocations


You had 4 spell levels left.
You didn't know any spells.

Dungeon Overview and Level Annotations

Branches:
Dungeon (3/15)

Altars:
Ashenzari
Elyvilon
Okawaru
Ru


Innate Abilities, Weirdness & Mutations

You have a pair of small horns on your head.
You are slightly more attuned to the shadows.
You are partially covered in sharp spines.


Message History

The gnoll is severely wounded.
You barely miss the gnoll. The gnoll is struck by your spines.
The gnoll hits you with an enchanted flail.
The gnoll hits you with a halberd.
Unknown command.
You barely miss the gnoll.
The gnoll is heavily wounded.
You barely miss the gnoll. The gnoll barely misses you.
The gnoll hits you with a halberd!
Unknown command.
You closely miss the gnoll. Your headbutt misses the gnoll.
The gnoll is heavily wounded.
You hit the gnoll but do no damage. The gnoll is struck by your spines.
The gnoll hits you with an enchanted flail!
* * * LOW HITPOINT WARNING * * *
The gnoll is struck by your spines. The gnoll hits you but does no damage.
Unknown command.
You aren't carrying any potions.
The gnoll hits you from afar with a halberd.
You die...

######### ##### #.......#########
....# ########................
###.######.......................
##......................#########
....#####..#####@g>.....# ###.#
#..# #.>......# #.# #..#
#.g).....# #.# #..#
#.############ ###.# #..#
#............# ....# #..#
####...###.#.# #########..#
#............# ...........#
#.####.####..# .########.##
#.##.....##..#


You could see 2 gnolls.

Vanquished Creatures
  A bullfrog zombie (D:3)
  A gnoll (D:2)
  5 adders
  A worm (D:2)
  A dart slug (D:1)
  2 leopard geckos
  An orc (D:3)
  A ball python (D:1)
  2 giant cockroaches
  11 goblins
  6 hobgoblins
  9 bats
  3 frilled lizards
  5 kobolds
  9 rats
58 creatures vanquished.

Notes
Turn   | Place    | Note
-------+----------+-------------------------------------------
     0 | Abyss:1  | Gargoyl the Demonspawn Abyssal Knight began the quest for the Orb.
     0 | Abyss:1  | Reached XP level 1. HP: 18/18 MP: 2/2
     5 | Abyss:2  | Found a corrupted altar of Lugonu.
    20 | Abyss:2  | Noticed a large abomination
    43 | Abyss:2  | Noticed an ancient zyme
    55 | Abyss:2  | Noticed a tormentor
    58 | D:1      | Escaped the Abyss
   328 | D:1      | Gained mutation: You have a pair of small horns on your head. [demonic ancestry]
   328 | D:1      | Reached XP level 2. HP: 21/24 MP: 4/4
   407 | D:1      | Reached * piety under Lugonu
   610 | D:1      | Reached skill level 1 in Dodging
  1042 | D:1      | Reached XP level 3. HP: 28/29 MP: 5/5
  1773 | D:2      | Found an iron altar of Okawaru.
  1938 | D:2      | Reached ** piety under Lugonu
  1938 | D:2      | Gained mutation: You are partially covered in sharp spines. [demonic ancestry]
  1938 | D:2      | Reached XP level 4. HP: 33/35 MP: 6/6
  2106 | D:2      | Found a sacrificial altar of Ru.
  2223 | D:2      | Found a white marble altar of Elyvilon.
  2224 | D:2      | Found a shattered altar of Ashenzari.
  2460 | D:2      | Gained mutation: You are slightly more attuned to the shadows. [demonic ancestry]
  2460 | D:2      | Reached XP level 5. HP: 26/42 MP: 7/7
  2618 | D:2      | HP: 1/42 [gnoll/enchanted flail (12)]
  2619 | D:2      | Slain by a gnoll

Skill      XL: |  1  2  3  4 |
---------------+-------------+-----
Armour         | 2 3 |  3.1
Axes           | 2 |  2.7
Dodging        | 1 |  1.1
Invocations    | 3 |  3.4
Fighting       | |  3.8

Action                   |  1- 3 |  4- 6 || total
-------------------------+-------+-------++-------
Melee: Hand axe          |   149 |    38 ||   187
       Headbutt          |    13 |     3 ||    16
Invok: Depart the Abyss  |     1 |       ||     1
  Use: Potion            |     1 |       ||     1
       Scroll            |     4 |     2 ||     6
  Eat: Chunk             |     3 |     3 ||     6
Armor: Plate armour      |   155 |    49 ||   204
Dodge: Dodged            |    23 |     4 ||    27
